 Dungeon Crawl Stone Soup version 0.19.5 (webtiles) character file.

81 tricornhat the Slasher (level 4, -7/37 HPs)
             Began as a Demonspawn Berserker on Mar 12, 2017.
             Was a Believer of Trog.
             Mangled by a gnoll
             ... wielding a +0 spear
              (9 damage)
             ... on level 2 of the Dungeon.
             The game lasted 00:05:56 (938 turns).

tricornhat the Slasher (Demonspawn Berserker)        Turns: 938, Time: 00:05:57

Health: -7/37      AC:  5    Str: 17    XL:     4   Next: 19%
Magic:  0/4        EV: 16    Int:  8    God:    Trog [**....]
Gold:   66         SH:  0    Dex: 19    Spells: 0 memorised, 3 levels left

rFire  . . .     SeeInvis .     a - +0 falchion
rCold  . . .     Gourm    .     d - +0 ring mail
rNeg   . . .     Faith    .     (no shield)
rPois  .         Spirit   +     (helmet restricted)
rElec  .         Reflect  .     (no cloak)
rCorr  .         Harm     .     (no gloves)
MR     .....                    (no boots)
Stlth  ++........               (no amulet)
                                (no ring)
                                (no ring)

@: agile, flying
A: horns 1, magic shield, rot immunity
a: Berserk, Trog's Hand, Burn Spellbooks, Renounce Religion


You were on level 2 of the Dungeon.
You worshipped Trog.
Trog was pleased with you.
You were not hungry.

You visited 1 branch of the dungeon, and saw 2 of its levels.

You collected 66 gold pieces.

Inventory:

Hand Weapons
 a - a +0 falchion (weapon)
Armour
 b - a +0 animal skin
 d - a +0 ring mail (worn)
Scrolls
 h - 2 scrolls of recharging {unknown}
 i - 2 scrolls of identify {unknown}
 k - a scroll of noise {unknown}
Potions
 e - a potion of agility
 g - a potion of flight
Comestibles
 c - 4 bread rations
 f - a meat ration


   Skills:
 + Level 3.7 Fighting
 * Level 3.9 Long Blades
 + Level 2.1 Armour
 - Level 1.9 Dodging


You had 3 spell levels left.
You didn't know any spells.

Dungeon Overview and Level Annotations

Branches:
Dungeon (2/15)

Altars:
Makhleb


Innate Abilities, Weirdness & Mutations

You have a pair of small horns on your head.
When hurt, damage is shared between your health and your magic reserves.
You are immune to rotting.


Message History

You kill the gnoll!
Trog accepts your kill.
You have reached level 4!
You feel agile.
Your demonic ancestry asserts itself...
You feel immune to rotting.
You hit the gnoll but do no damage. You headbutt the gnoll.
You kill the gnoll!
Trog accepts your kill. The gnoll barely misses you.
The gnoll barely misses you.
Things that are here:
a flail; a gnoll corpse You closely miss the gnoll.
The gnoll completely misses you.
You completely miss the gnoll. The gnoll misses you.
You hit the gnoll. Your headbutt misses the gnoll.
The gnoll is lightly wounded.
The gnoll hits you with a spear!
* * * LOW HITPOINT WARNING * * *
The gnoll hits you with a spear!
You die...

............### ..#
.#.####.......##..#
# #.......#...#
#...........#
#.......#.##
#.....).#.#
#.......#.#
............÷#.#
....####..##.#@#
.... #..##.#g#
♣.._% #..##.#.#
[....###...g...#
.......##..#.###
....#...#..#.#
#gggg...#.#########
##...##.#.........#
##.###.#########.#


You could see a gnoll.

Vanquished Creatures
  3 gnolls (D:2)
  An adder (D:2)
  An ooze (D:2)
  2 worms (D:2)
  6 bats
  6 goblins (D:2)
  4 hobgoblins
  A quokka (D:2)
  2 frilled lizards (D:2)
  3 kobolds
  6 rats
35 creatures vanquished.

Notes
Turn   | Place    | Note
-------+----------+-------------------------------------------
     0 | D:1      | tricornhat the Demonspawn Berserker began the quest for the Orb.
     0 | D:1      | Reached XP level 1. HP: 18/18 MP: 1/1
   171 | D:1      | Gained mutation: You have a pair of small horns on your head. [demonic ancestry]
   171 | D:1      | Reached XP level 2. HP: 24/24 MP: 2/2
   538 | D:2      | Gained mutation: When hurt, damage is shared between your health and your magic reserves. [demonic ancestry]
   538 | D:2      | Reached XP level 3. HP: 29/29 MP: 3/3
   552 | D:2      | Reached ** piety under Trog
   901 | D:2      | Found a burning altar of Makhleb.
   933 | D:2      | Gained mutation: You are immune to rotting. [demonic ancestry]
   933 | D:2      | Reached XP level 4. HP: 7/36 MP: 4/4
   938 | D:2      | Mangled by a gnoll

Skill      XL: |  1  2  3 |
---------------+----------+-----
Long Blades    | 3 |  3.9
Armour         | 2 |  2.1
Fighting       | |  3.7
Dodging        | |  1.9

Action                   |  1- 3 |  4- 6 || total
-------------------------+-------+-------++-------
Melee: Falchion          |    77 |     4 ||    81
       Headbutt          |    17 |     1 ||    18
  Use: Potion            |     3 |       ||     3
Armor: Animal skin       |     7 |       ||     7
       Ring mail         |    11 |       ||    11
Dodge: Dodged            |    74 |     4 ||    78
       Rpst.: Falchion   |    25 |       ||    25
